Map: Jagannatha LE

Players

Harstem

  • Race: Protoss Protoss

MaNa - Winner!

  • Race: Protoss Protoss

Event: DreamHack SC2 Masters 2021 Winter

VOD

Have the link to the VOD?

Description

Time

  • Played on: Sept. 29, 2021, 10:52 a.m.
  • Length: 7:42

All games in this series

Show
View Real Time Build Order
Export as new Build Order

Harstem Protoss 

Build Orders: Phoenix Opening, Blink Stalkers 

Get SALT Encoding   

  12  0:00  Probe  
  13  0:12  Probe  
  14  0:18  Pylon  
  14  0:24  Probe (Chrono Boost)  
  15  0:36  Probe (Chrono Boost)  
  15  0:38  Gateway  
  16  0:44  Probe (Chrono Boost)  
  16  0:48  Assimilator  
  17  0:50  Probe  
  18  0:57  Assimilator  
  18  1:03  Probe (Chrono Boost)  
  19  1:11  Gateway  
  19  1:13  Probe (Chrono Boost)  
  19  1:18  Probe (Chrono Boost)  
  21  1:26  Cybernetics Core  
  21  1:29  Probe  
  22  1:39  Pylon  
  22  1:41  Probe  
  23  1:57  Probe  
  24  2:02  Stalker  
  24  2:04  Stalker, Warp Gate  
  28  2:11  Pylon  
  28  2:17  Shield Battery  
  28  2:22  Probe  
  29  2:28  Pylon  
  29  2:33  Sentry  
  31  2:39  Sentry  
  33  2:50  Nexus  
  32  2:56  Shield Battery  
  32  3:02  Probe  
  33  3:06  Phoenix  
  33  3:09  Twilight Council  
  33  3:14  Probe  
  33  3:18  Pylon  
  34  3:26  Probe  
  35  3:38  Probe  
  36  3:47  Blink (Chrono Boost), Shield Battery  
  36  3:50  Probe  
  36  3:52  Stalker  
  39  3:56  Stalker  
  43  4:02  Probe (Chrono Boost)  
  43  4:03  Probe (Chrono Boost)  
  43  4:10  Forge  
  43  4:15  Probe x2 (Chrono Boost)  
  45  4:22  Probe (Chrono Boost), Shield Battery  
  45  4:24  Probe (Chrono Boost)  
  46  4:30  Stalker  
  46  4:31  Probe  
  49  4:34  Probe  
  49  4:35  Shield Battery  
  51  4:43  Probe  
  52  4:49  Stalker  
  52  4:52  Probe  
  54  4:53  Pylon  
  54  4:56  Stalker  
  54  5:00  Probe (Chrono Boost)  
  54  5:03  Protoss Ground Weapons Level 1 (Chrono Boost)  
  54  5:09  Probe (Chrono Boost)  
  54  5:12  Probe (Chrono Boost)  
  55  5:17  Robotics Facility  
  55  5:18  Probe (Chrono Boost)  
  56  5:22  Probe  
  56  5:26  Assimilator  
  57  5:32  Stalker x2, Pylon  
  61  5:37  Shield Battery  
  61  5:38  Probe  
  62  5:50  Probe x2, Pylon  
  62  5:59  Stalker x2  
  60  6:08  Probe  
  59  6:13  Probe  
  59  6:17  Gateway  
  55  6:20  Gateway  
  55  6:22  Probe  
  55  6:24  Stalker x2  
  46  6:25  Probe  
  40  6:34  Probe  
  40  6:38  Probe  
  35  6:46  Probe  
  32  6:50  Probe  
  32  6:51  Stalker  
  35  6:58  Stalker, Probe  
  38  7:02  Probe  
  38  7:04  Observer  
  40  7:10  Probe  
  40  7:11  Stalker  
  40  7:14  Probe  
  44  7:15  Stalker  
  47  7:22  Probe (Chrono Boost)  
  47  7:26  Probe (Chrono Boost)  
  48  7:32  Stalker  
  48  7:34  Probe (Chrono Boost)  
Show
View Real Time Build Order
Export as new Build Order

MaNa Protoss - Winner!

Build Orders:  

Get SALT Encoding   

  12  0:00  Probe  
  13  0:12  Probe  
  14  0:17  Pylon  
  14  0:24  Probe (Chrono Boost)  
  15  0:36  Probe (Chrono Boost)  
  15  0:38  Gateway  
  16  0:45  Probe (Chrono Boost)  
  16  0:47  Assimilator  
  17  0:51  Probe  
  18  1:03  Probe (Chrono Boost)  
  19  1:04  Assimilator  
  19  1:10  Gateway  
  19  1:13  Probe (Chrono Boost)  
  19  1:18  Probe (Chrono Boost)  
  21  1:25  Cybernetics Core  
  21  1:30  Probe  
  22  1:36  Pylon  
  22  1:42  Probe  
  24  1:54  Probe  
  24  2:00  Warp Gate (Chrono Boost)  
  24  2:02  Stalker x2  
  24  2:06  Probe  
  29  2:13  Pylon  
  29  2:32  Stalker x2  
  32  2:43  Probe  
  33  2:58  Nexus  
  33  3:07  Sentry x2  
  37  3:13  Robotics Facility  
  37  3:16  Probe  
  38  3:24  Pylon  
  38  3:28  Probe  
  39  3:42  Probe  
  40  3:51  Adept x2  
  45  3:58  Forge  
  44  4:07  Immortal (Chrono Boost)  
  45  4:16  Sentry x2  
  52  4:19  Pylon  
  52  4:24  Probe x2  
  54  4:36  Immortal (Chrono Boost)  
  56  4:58  Gateway  
  56  5:00  Gateway  
  56  5:06  Adept, Warp Prism (Chrono Boost)  
  56  5:09  Adept  
  60  5:15  Pylon  
  60  5:17  Protoss Ground Weapons Level 1 (Chrono Boost)  
  60  5:27  Pylon  
  62  5:32  Adept x2  
  62  5:34  Observer  
  65  5:39  Probe x2  
  65  6:04  Adept x2, Zealot x2  
  59  6:24  Stalker x3, Probe x2  
  59  6:25  Stalker  
  53  6:34  Immortal  
  53  6:36  Probe  
  54  6:46  Observer  
  50  6:49  Probe  
  50  6:51  Adept x2, Assimilator  
  53  6:57  Shield Battery  
  53  6:59  Twilight Council  
  53  7:02  Probe x2  
  53  7:07  Shield Battery  
  55  7:21  Zealot  
  61  7:30  Probe x2  

Tags
 
Add a new tag
Caveats
  • Supply blocks, unpowered buildings, or Contaminate may cause inaccurate times.
  • Supply counts are checked every 10 seconds.